 Dungeon Crawl Stone Soup version 0.24-a0-232-g49d9ff8 (webtiles) character file.

Game seed: 11553636017479402958

979 MatthieuS the Grave Robber (level 7, -5/50 HPs)
             Began as a Demonspawn Necromancer on Apr 4, 2019.
             Slain by a two-headed ogre
             ... wielding a +0 giant club
              (22 damage)
             ... on level 4 of the Dungeon.
             The game lasted 00:15:32 (4976 turns).

MatthieuS the Grave Robber (Demonspawn Necromancer) Turns: 4976, Time: 00:15:32

Health: -5/50      AC:  8    Str: 10    XL:     7   Next: 96%
Magic:  4/13       EV: 12    Int: 18    God:
Gold:   275        SH:  5    Dex: 16    Spells: 2/14 levels left

rFire    + . .     SeeInvis .   r - +2 dagger (pain)
rCold    . . .     Gourm    .   k - +0 buckler
rNeg     . . .     Faith    .   y - +2 leather armour {rPois}
rPois    +         Spirit   .   (no helmet)
rElec    .         Reflect  .   (no cloak)
rCorr    .         Harm     .   (no gloves)
MR       .....                  i - +2 pair of boots
Stlth    +++.......             (no amulet)
HPRegen  0.16/turn              (no ring)
MPRegen  0.13/turn              (no ring)

@: no status effects
A: claws 2, talons 1, thin skeletal structure 1, fire resistance 1, strong 1
a: no special abilities


You were on level 4 of the Dungeon.
You were not hungry.

You visited 1 branch of the dungeon, and saw 4 of its levels.
You also visited: Sewer.

You collected 275 gold pieces.

Inventory:

Hand Weapons
 b - a +0 short sword
   (You found it on level 1 of the Dungeon)
 l - a +1 dagger of venom
   (You took it off a goblin on level 2 of the Dungeon)
 n - a +0 blowgun
   (You took it off a kobold in a sewer)
 r - a +2 dagger of pain (weapon)
   (You took it off a kobold in a sewer)
 s - a +2 short sword of draining
   (You took it off a kobold in a sewer)
Missiles
 o - 12 poisoned needles
Armour
 i - a +2 pair of boots (worn)
   (You found it on level 2 of the Dungeon)
 k - a +0 buckler (worn)
   (You found it on level 2 of the Dungeon)
 y - a +2 leather armour of poison resistance (worn)
   (You took it off Eustachio on level 4 of the Dungeon)
Jewellery
 A - a cursed -3 ring of evasion {unknown}
   (You found it on level 4 of the Dungeon)
Wands
 t - a wand of polymorph (5)
   (You took it off Natasha on level 3 of the Dungeon)
Scrolls
 d - 4 scrolls of remove curse {unknown}
 f - 3 scrolls of identify {unknown}
 g - a scroll of immolation {unknown}
 h - a scroll of random uselessness {unknown}
 j - 2 scrolls of enchant weapon {unknown}
 B - a scroll of teleportation {unknown}
Potions
 a - a potion of agility {unknown}
 c - a potion of flight {unknown}
 m - 5 potions of heal wounds {@q2}
 p - 3 potions of brilliance {unknown}
 q - 2 potions of curing {@q1}
 u - 2 potions of magic {unknown}
 w - a potion of might {unknown}
 x - a potion of berserk rage {unknown}
 z - 2 potions of resistance {unknown}
Comestibles
 e - 6 rations
 v - 3 chunks of flesh


   Skills:
 + Level 2.1 Fighting
 + Level 1.9 Short Blades
 - Level 1.7 Dodging
 + Level 4.5 Stealth
 + Level 3.3 Shields
 + Level 4.3 Spellcasting
 + Level 6.4 Necromancy


You had 2 spell levels left.
You knew the following spells:

 Your Spells              Type           Power        Failure   Level  Hunger
a - Pain                  Necr           ####         1%          1    None
b - Animate Dead          Necr           N/A          14%         4    ####...
e - Regeneration          Chrm/Necr      ###.......   16%         3    ###....
q - Vampiric Draining     Necr           ####......   4%          3    ###....
z - Animate Skeleton      Necr           N/A          1%          1    None

Your spell library contained the following spells:

 Spells                   Type           Power        Failure   Level  Hunger


Dungeon Overview and Level Annotations

Branches:
Dungeon (4/15)
 Temple: D:4-7

Altars:
Gozag
Zin

Annotations:
D:4 1 runed translucent door, Vlans's ghost, amateur OgFE


Innate Abilities, Weirdness & Mutations

You have very sharp fingernails.
You have a somewhat thin skeletal structure. (Dex +2, Stealth)
Your flesh is heat resistant. (rF+)
You have sharp toenails.
Your muscles are strong. (Str +2)


Message History

Found a potion of curing.
Found 8 gold pieces.
Found 19 gold pieces.
Found an escape hatch in the floor.
You now have 256 gold pieces (gained 8).
Found a scroll labeled VYES VONYIPP.
Found a scale mail.
An orc comes into view. It is wielding a +0 dagger.
The orc shouts!
An orc is nearby!
A two-headed ogre comes into view. It is wielding two +0 giant clubs.
You see here 19 gold pieces.
You now have 275 gold pieces (gained 19).
The orc hits you with a +0 dagger. The orc hits you with a +0 dagger.
Your hound skeleton bites the orc.
Aim: an orc, wielding a +0 dagger and wearing a +0 leather armour (heavily wounded, chance to defeat MR: 93%)
The orc writhes in agony!
You kill the orc!
You can't see any susceptible monsters within range! (Use Z to cast anyway.)
You can't see any susceptible monsters within range! (Use Z to cast anyway.)
Things that are here:
a +0 dagger; a +0 leather armour; an orc corpse You attempt to give life to the dead...
Before your eyes, flesh is ripped from the corpse!
The dead are walking!
The two-headed ogre shouts in stereo!
You see here 2 chunks of flesh.
Aim: a two-headed ogre, wielding two +0 giant clubs (chance to defeat MR: 71%)
The two-headed ogre struggles to resist.
The two-headed ogre hits your orc skeleton with a +0 giant club!!
Your orc skeleton is destroyed!
Aim: a two-headed ogre, wielding two +0 giant clubs (chance to defeat MR: 71%)
The two-headed ogre writhes in agony!
Aim: a two-headed ogre, wielding two +0 giant clubs (lightly wounded, chance to defeat MR: 71%)
The two-headed ogre writhes in agony.
The two-headed ogre hits your hound skeleton with a +0 giant club!!
The two-headed ogre hits your hound skeleton with a +0 giant club!
Your hound skeleton is destroyed!
Aim: a two-headed ogre, wielding two +0 giant clubs (moderately wounded, chance to defeat MR: 71%)
The two-headed ogre writhes in agony.
Your orc skeleton hits the two-headed ogre with a +0 dagger.
Aim: a two-headed ogre, wielding two +0 giant clubs (moderately wounded, chance to defeat MR: 71%)
The two-headed ogre writhes in agony!
Your orc skeleton hits the two-headed ogre with a +0 dagger.
Aim: a two-headed ogre, wielding two +0 giant clubs (heavily wounded)
You feel life coursing into your body.
The two-headed ogre hits you with a +0 giant club!!
Ouch! That really hurt!
* * * LOW HITPOINT WARNING * * *
The two-headed ogre hits you with a +0 giant club!!
You die...

....##.#.##.###.# #..........
#.....#.##.# .# #......(.(#
#.#>...#.###.## #..........# ###
#....#...##................#
.....###...##.....#####..........
.................................
....####.##.......#########....#.
. #......#.%....... ......#.
#........@.####...........
[........##ZO.......>........#
..##...####)##...##.........##
......# #.# ...... ...... #
...#.##. ..# ....... ....# ..##.
. ..## .#.##.. #.# ?# #. ..##
.#.. .# #. #. ###..


You could see a two-headed ogre and a friendly orc skeleton.

Vanquished Creatures
  Eustachio (D:4)
  A phantom (D:3)
  4 big kobolds (Sewer)
  An orc priest (D:4)
  A hound (D:4)
  A centaur skeleton (D:4)
  An iguana (D:4)
  Natasha (D:3)
  8 river rats (Sewer)
  5 adders
  2 oozes
  A worm (D:2)
  2 dart slugs (D:1)
  4 leopard geckos
  5 orcs (D:4)
  4 ball pythons (Sewer)
  6 bats
  5 giant cockroaches
  5 goblins
  8 hobgoblins
  7 jackals
  19 kobolds
  2 frilled lizards
  17 rats
111 creatures vanquished.

Vanquished Creatures (collateral kills)
  A phantom (D:4)
  Natasha (twice) (D:3)
  An adder (Sewer)
  A river rat (Sewer)
  An ooze (D:3)
  2 leopard geckos (D:3)
  3 giant cockroaches (D:3)
  2 goblins
  A hobgoblin (D:3)
  2 jackals (D:3)
  4 kobolds (Sewer)
  2 ball pythons (Sewer)
  3 rats (Sewer)
25 creatures vanquished.

Grand Total: 136 creatures vanquished

Notes
Turn   | Place    | Note
-------+----------+-------------------------------------------
     0 | D:1      | MatthieuS the Demonspawn Necromancer began the quest for
                  | the Orb.
     0 | D:1      | Reached XP level 1. HP: 13/13 MP: 3/3
   111 | D:1      | Gained mutation: Your flesh is heat resistant. (rF+)
                  | [demonic ancestry]
   111 | D:1      | Reached XP level 2. HP: 13/19 MP: 0/5
   902 | D:1      | Gained mutation: You have sharp fingernails. [demonic
                  | ancestry]
   902 | D:1      | Reached XP level 3. HP: 16/24 MP: 2/6
  1060 | D:1      | Learned a level 1 spell: Animate Skeleton
  1064 | D:1      | Learned a level 3 spell: Vampiric Draining
  1313 | D:2      | Gained mutation: You have very sharp fingernails. [potion
                  | of mutation]
  1313 | D:2      | Gained mutation: Your muscles are strong. (Str +2) [potion
                  | of mutation]
  1313 | D:2      | Gained mutation: You have sharp toenails. [potion of
                  | mutation]
  1336 | D:2      | HP: 1/24 [adder (2)]
  1337 | D:2      | Reached skill level 5 in Necromancy
  1621 | D:2      | Reached XP level 4. HP: 30/30 MP: 8/8
  1785 | D:2      | Found a glowing silver altar of Zin.
  1989 | D:3      | Reached skill level 1 in Shields
  2009 | D:3      | Learned a level 3 spell: Regeneration
  2207 | D:3      | Noticed Natasha
  2216 | D:3      | Killed Natasha
  2222 | D:3      | Noticed Natasha
  2234 | D:3      | Killed Natasha
  2234 | D:3      | Reached XP level 5. HP: 29/35 MP: 9/9
  2289 | D:3      | Found a glowing drain.
  2341 | Sewer    | Entered a sewer
  2834 | Sewer    | Gained mutation: You have a somewhat thin skeletal
                  | structure. (Dex +2, Stealth) [demonic ancestry]
  2834 | Sewer    | Reached XP level 6. HP: 19/41 MP: 7/11
  3207 | Sewer    | Reached skill level 6 in Necromancy
  3207 | Sewer    | Reached XP level 7. HP: 26/47 MP: 4/12
  3664 | D:3      | Noticed Natasha
  3674 | D:3      | Killed Natasha
  3674 | D:3      | Reached skill level 1 in Fighting
  3824 | D:3      | Learned a level 4 spell: Animate Dead
  4076 | D:4      | Reached skill level 1 in Short Blades
  4309 | D:4      | Noticed Eustachio
  4604 | D:4      | Killed Eustachio
  4815 | D:4      | Found an opulent altar of Gozag.
  4944 | D:4      | Found a runed translucent door.
  4945 | D:4      | Noticed Vlans's ghost (amateur OgFE)
  4964 | D:4      | Noticed a two-headed ogre
  4976 | D:4      | Slain by a two-headed ogre

Levels and vault maps discovered:
D:1:      elethiomel_arrival_shortcut, layout_rooms
D:2:      layout_loops_ring, lemuel_doored_altar, first_ration
D:3:      layout_rooms, portal_sewer_entry_f, lexackson_kobold_supper,
          uniq_natasha
D:4:      layout_rooms, makhleb_blood_cavern_becter, old_standard_altar,
          ebering_ghost_sewer_f, uniq_eustachio
Sewer:    sewer_minmay_treatment

Skill      XL: |  1  2  3  4  5  6  7 |
---------------+----------------------+-----
Stealth        | 2 3 4 |  4.5
Necromancy     | 5 6 |  6.4
Shields        | 1 2 3 |  3.3
Spellcasting   | 3 4 |  4.3
Fighting       | 2 |  2.1
Short Blades   | 1 |  1.9
Dodging        | |  1.7

Action                   |  1- 3 |  4- 6 |  7- 9 || total
-------------------------+-------+-------+-------++-------
Melee: Short sword       |    26 |       |    17 ||    43
       Unarmed           |    14 |   165 |       ||   179
       Kick              |     2 |       |       ||     2
       Dagger            |       |    46 |    83 ||   129
 Fire: Blowgun           |       |     2 |       ||     2
 Cast: Pain              |    54 |    14 |    17 ||    85
       Animate Skeleton  |     8 |    31 |     6 ||    45
       Vampiric Draining |     1 |    10 |     5 ||    16
       Regeneration      |       |     3 |     3 ||     6
       Animate Dead      |       |       |     1 ||     1
  Use: Potion            |     4 |     2 |       ||     6
 Stab: Sleeping          |     2 |     1 |       ||     3
  Eat: Chunk             |     3 |     6 |     1 ||    10
       Ration            |       |     1 |     1 ||     2
Armor: Robe              |    11 |    48 |    27 ||    86
       Skin              |       |     3 |     1 ||     4
       Leather armour    |       |       |     2 ||     2
Dodge: Dodged            |    37 |   122 |    67 ||   226
Block: Buckler           |     5 |    33 |    24 ||    62

Table legend:
 A = Non-vault XP
 B = Vault XP
 C = Vault XP percentage of total XP
 D = Non-vault monster count
 E = Vault monster count
 F = Vault count percentage of total count
                 A         B        C        D         E       F
            +---------+---------+-------+---------+---------+-------
      Total |     619 |     780 |  55.8 |      75 |      61 |  44.9
            +---------+---------+-------+---------+---------+-------
        D:1 |      41 |       0 |   0.0 |      17 |       0 |   0.0
        D:2 |      76 |       0 |   0.0 |      26 |       0 |   0.0
        D:3 |     216 |      40 |  15.6 |      20 |      12 |  37.5
        D:4 |     286 |     197 |  40.8 |      12 |       1 |   7.7
      Sewer |       0 |     543 | 100.0 |       0 |      48 | 100.0
            +---------+---------+-------+---------+---------+-------
